 Dungeon Crawl Stone Soup version 0.28-a0-664-gc179e30c89 (webtiles) character file.

Game seed: 13151530745071979036

56 BlueGoblin the Sneak (level 3, 0/18 HPs)
             Began as a Spriggan Brigand on Oct 16, 2021.
             Slain by a hound (5 damage)
             ... on level 2 of the Dungeon.
             The game lasted 00:02:24 (2377 turns).

BlueGoblin the Sneak (Spriggan Brigand)             Turns: 2377, Time: 00:02:24

Health: 0/18       AC:  3    Str:  7    XL:     3   Next: 71%
Magic:  4/4        EV: 16    Int: 12    God:
Gold:   53         SH:  0    Dex: 17    Spells: 2/2 levels left

rFire   . . .      SeeInvis +   a - +2 dagger
rCold   . . .      Faith    .   (shield restricted)
rNeg    . . .      Spirit   .   b - +0 robe
rPois   .          Reflect  .   (helmet restricted)
rElec   .          Harm     .   c - +0 cloak
rCorr   .          Rampage  .   (gloves unavailable)
Will    .....                   (boots unavailable)
Stlth   ++++......              (no amulet)
HPRegen 0.06/turn               (no ring)
MPRegen 0.09/turn               (no ring)

@: very quick
A: very small, no large weapons, unfitting armour, see invisible, speed 3
a: no special abilities


You were on level 2 of the Dungeon.
You visited 1 branch of the dungeon, and saw 2 of its levels.

You collected 53 gold pieces.

Inventory:

Hand Weapons
 a - a +2 dagger (weapon)
Missiles
 d - 8 poisoned darts (quivered)
 e - 2 curare-tipped darts
Armour
 b - a +0 robe (worn)
 c - a +0 cloak (worn)
Scrolls
 g - a scroll of amnesia
 h - 2 scrolls of identify
Potions
 i - a potion of flight


   Skills:
 + Level 2.0 Fighting
 + Level 2.4 Short Blades
 + Level 2.3 Throwing
 + Level 1.7 Dodging
 + Level 7.2 Stealth


You had 2 spell levels left.
You didn't know any spells.
Your spell library contained the following spells:

 Spells                   Type           Power      Damage    Failure   Level
 Corpse Rot               Necr/Air       N/A        N/A       45%         2
 Dispel Undead            Necr           0%         3d6       97%         4
 Death Channel            Necr           0%         N/A       100%        6


Dungeon Overview and Level Annotations

Branches:
Dungeon (2/15)

Altars:


Innate Abilities, Weirdness & Mutations

You are very small and have problems with some larger weapons.
You are too small for most types of armour.
You have supernaturally acute eyesight. (SInv)
You cover ground extremely quickly. (Speed+++)


Message History

The hound completely misses you.
You hit the hound.
The hound is moderately wounded.
The hound barely misses you.
You hit the hound but do no damage.
The hound is moderately wounded.
The hound barely misses you. The hound bites you.
You hit the hound.
The hound is moderately wounded.
The hound misses you.
You hit the hound.
The hound is heavily wounded.
The hound misses you. The hound completely misses you.
You hit the hound.
The hound is severely wounded.
The hound bites you.
You barely miss the hound.
The hound is severely wounded.
The hound completely misses you.
You hit the hound but do no damage.
The hound is severely wounded.
The hound closely misses you. The hound misses you.
You miss the hound.
The hound is severely wounded.
The hound closely misses you.
You hit the hound.
The hound is almost dead.
The hound bites you.
You are too injured to fight recklessly!
You are too injured to fight recklessly!
You are too injured to fight recklessly!
You are too injured to fight recklessly!
You are too injured to fight recklessly!
You are too injured to fight recklessly!
You hit the hound.
The hound is almost dead.
The hound bites you.
* * * LOW HITPOINT WARNING * * *
The hound bites you.
You die...

..(..†............h.†......#
##.####.#.##############.###
#.# #.#.# #h# #.# #.#.# #.#
#.# #.#.# #.# #.#
#.#h########## #.#
#.####.#.#.....h..# #.#
#......#.#.######.#####.#
#..###.#.#.....@........#
#......#.#....h.#.#######
###.###.#.#......#.#
....#.....#......#.#
###..h...##.######.#
###......##........#
.##......###########
.##......# .##......#


You could see a hound.

Vanquished Creatures
  A gnoll (D:1)
  2 dart slugs (D:1)
  2 ball pythons (D:2)
  2 endoplasms (D:1)
  A goblin (D:2)
  4 hobgoblins
  7 jackals
  4 quokkas (D:1)
  5 bats
  2 frilled lizards
  2 kobolds (D:1)
  6 rats (D:1)
38 creatures vanquished.

Notes
Turn   | Place    | Note
-------+----------+-------------------------------------------
     0 | D:1      | BlueGoblin the Spriggan Brigand began the quest for the
                  | Orb.
     0 | D:1      | Reached XP level 1. HP: 10/10 MP: 2/2
   158 | D:1      | Reached skill level 6 in Stealth
   243 | D:1      | Reached XP level 2. HP: 4/15 MP: 3/3
   666 | D:1      | Found a faded altar of an unknown god.
   786 | D:1      | Reached XP level 3. HP: 13/18 MP: 4/4
   997 | D:1      | Reached skill level 7 in Stealth
  2377 | D:2      | Slain by a hound

Illustrated notes

Levels and vault maps discovered:
D:1:      nagdon_arrival_double_spiral, layout_loops_ring,
          hellmonk_ecumenical_altar_zigzags, minivault_24
D:2:      layout_basic

Skill      XL: |  1  2  3 |
---------------+----------+-----
Stealth        | 6 7 |  7.2
Fighting       | 2 |  2.0
Short Blades   | |  2.4
Throwing       | |  2.3
Dodging        | |  1.7

Action                   || total
-------------------------++-------
Melee: Dagger            ||   142
  Use: Scroll            ||     3
 Stab: Sleeping          ||    15
Armor: Robe              ||    19
Dodge: Dodged            ||   113

Table legend: (Time is in decaauts)
 A = Elapsed time spent in this place.
 B = Non-inter-level travel time spent in this place.
 C = Inter-level travel time spent in this place.
 D = Time resting spent in this place.
 E = Time spent auto-exploring this place.
 F = Levels seen in this place.
 G = Mean time per level.
                   A        B        C        D        E       F      G
               +--------+--------+--------+--------+--------+-----+--------+
         Total |   1888 |   1882 |      6 |    547 |   1010 |   2 |  944.0 |
       Dungeon |   1888 |   1882 |      6 |    547 |   1010 |   2 |  944.0 |
               +--------+--------+--------+--------+--------+-----+--------+

Top non-repeatable levels by time:
     D:1: 1508 daAuts
     D:2: 380 daAuts
